 Dungeon Crawl Stone Soup version 0.28.0-53-g5a82cb258f (webtiles) character file.

Game seed: 16198294167115813884

2473 mortz the Destroyer (level 9, 0/45 HPs)
             Began as a Deep Elf Conjurer on June 5, 2022.
             Was a Follower of Vehumet.
             Engulfed by a steam dragon's steam (6 damage)
             ... on level 7 of the Dungeon.
             The game lasted 00:39:14 (7162 turns).

mortz the Destroyer (Deep Elf Conjurer)             Turns: 7162, Time: 00:39:15

Health: 0/45       AC:  5    Str:  4    XL:     9   Next: 26%
Magic:  20/24      EV: 16    Int: 28    God:    Vehumet [*.....]
Gold:   301        SH:  3    Dex: 13    Spells: 14/26 levels left

rFire   . . .      SeeInvis .   D - +1 whip (flame) {mace}
rCold   + . .      Faith    .   o - +0 buckler
rNeg    . . .      Spirit   .   s - +2 robe {rC+}
rPois   .          Reflect  .   (no helmet)
rElec   .          Harm     .   G - +0 cloak
rCorr   .          Rampage  .   (no gloves)
Will    .....                   (no boots)
Stlth   +++.......              (no amulet)
HPRegen 0.15/turn               y - +4 ring of evasion
MPRegen 0.19/turn               (no ring)

@: no status effects
A: no striking features
a: Renounce Religion


You were on level 7 of the Dungeon.
You worshipped Vehumet.
Vehumet was aware of your devotion.
You visited 1 branch of the dungeon, and saw 7 of its levels.
You also visited: Sewer.

You collected 301 gold pieces.


   Skills:
 + Level 0.6 Axes
 + Level 2.7 Armour
 + Level 3.2 Dodging
 + Level 4.4 Stealth
 + Level 9.1 Spellcasting
 + Level 9.4 Conjurations
 + Level 4.8 Translocations
 + Level 0.8 Air Magic
 + Level 1.0 Poison Magic
 + Level 2.2 Evocations


You had 14 spell levels left.
You knew the following spells:

 Your Spells              Type           Power      Damage    Failure   Level
a - Magic Dart            Conj           100%       1d8       1%          1
b - Searing Ray           Conj           100%       2d8       1%          2
c - Iskenderun's Mystic   Conj/Tloc      51%        2d11      3%          4
d - Poisonous Vapours     Pois/Air       36%        N/A       6%          2
e - Mephitic Cloud        Conj/Pois/Air  33%        N/A       3%          3

Your spell library contained the following spells:

 Spells                   Type           Power      Damage    Failure   Level
 Freeze                   Ice            48%        1d7       6%          1
 Apportation              Tloc           78%        N/A       1%          1
 Dazzling Flash           Conj/Hex       78%        N/A       2%          3
 Animate Skeleton         Necr           24%        N/A       6%          1
 Summon Small Mammal      Summ           48%        N/A       6%          1
 Corpse Rot               Necr/Air       30%        N/A       8%          2
 Call Imp                 Summ           12%        N/A       9%          2
 Fulminant Prism          Conj/Hex       19%        3d11      9%          4
 Alistair's Intoxication  Tmut/Pois      10%        N/A       80%         5

Inventory:

Hand Weapons
 a - a +0 dagger of draining {short}
   (You took it off a goblin on level 4 of the Dungeon)
 d - a +0 war axe {axe}
   (You found it on level 1 of the Dungeon)
 C - a +0 falchion {long}
   (You took it off an orc on level 5 of the Dungeon)
 D - a +1 whip of flaming (weapon) {mace}
   (You took it off Pikel on level 6 of the Dungeon)
 F - a +0 dagger of venom {short}
   (You took it off an orc wizard on level 6 of the Dungeon)
Armour
 f - a +0 leather armour
   (You found it on level 1 of the Dungeon)
 o - a +0 buckler (worn)
   (You found it on level 3 of the Dungeon)
 s - a +2 robe of cold resistance (worn)
   (You took it off Sigmund on level 3 of the Dungeon)
 G - a +0 cloak (worn)
   (You found it on level 6 of the Dungeon)
Jewellery
 l - a ring of ice
   (You found it on level 2 of the Dungeon)
 y - a +4 ring of evasion (left hand)
   (You found it on level 5 of the Dungeon)
Wands
 q - a wand of polymorph (9)
   (You took it off Ijyb on level 3 of the Dungeon)
 t - a wand of flame (4)
   (You took it off Sigmund on level 3 of the Dungeon)
 E - a wand of acid (4)
   (You took it off Pikel on level 6 of the Dungeon)
Scrolls
 c - a scroll of blinking {!r}
 g - 2 scrolls of fog
 j - a scroll of immolation {unknown}
 k - 3 scrolls of teleportation {@r4}
 m - a scroll of noise {unknown}
 p - a scroll of fear {unknown}
 r - a scroll of amnesia
 B - a scroll of vulnerability {unknown}
Potions
 b - a potion of attraction {unknown}
 e - 2 potions of might
 h - 2 potions of lignification {unknown}
 i - a potion of curing {@q1}
 n - 3 potions of magic
 u - 2 potions of brilliance
 v - a potion of resistance {unknown}
 w - 2 potions of haste {@q3}
 x - 2 potions of cancellation {unknown}
 z - a potion of invisibility {unknown}
 A - a potion of flight {unknown}

Dungeon Overview and Level Annotations

Branches:
Dungeon (7/15)             Temple (0/1) D:5           Sewer (visited)

Altars:
Vehumet

Shops:
D:1 ( D:6

* ... #.###.#
#..##.#...##
#ยงยง#.......#
#.D######.##
#...Dยง....#
##.######.#
... #D# ####
#.# #@#
#########ยง#
#.........#
#.#########
#.# #.# #.#
#.# #.#


You could see a steam dragon.


Message History

Okay, then.
As you read the scroll labelled FABUUJUYHI, it crumbles to dust.
It was a scroll of blinking.
As you read the scroll labelled OHAWKUEWNA, it crumbles to dust.
It is a scroll of amnesia.
Really abort (and waste the scroll)?
Okay, then.
(D) Dungeon (T) Temple
Where to? (Enter - D:6, ? - help)
You see here 5 poisoned darts {throwing}.
There is a stone staircase leading down here.
You climb downwards.
There is a stone staircase leading up here.
You now have 301 gold pieces (gained 16).
A centaur zombie comes into view.
Aiming: Magic Dart (safe; 1% risk of failure)
Press: ? - help, Q - select action, (/) - cycle Shift-Dir - straight line, f - centaur zombie
Aim: a centaur zombie (dormant, 100% to hit)
The magic dart hits the centaur zombie. ๐Ÿ˜Ž MP[-1]
You lost 1 mp, and now have 23/24 mp.
Casting: Magic Dart (safe; 1% risk of failure)
Confirm with . or Enter, or press ? or * to list all spells.
Aiming: Searing Ray (safe; 1% risk of failure)
Press: ? - help, Shift-Dir - straight line, f/p - centaur zombie
Aim: a centaur zombie (lightly damaged, 100% to hit)
The searing ray hits the centaur zombie! (Press . to maintain the ray.) ๐Ÿ˜Ž MP[-2]
You lost 2 mp, and now have 21/24 mp.
The searing ray hits the centaur zombie! ๐Ÿ˜Ž MP[-1]
You lost 1 mp, and now have 20/24 mp.
The searing ray hits the centaur zombie! ๐Ÿ˜Ž MP[-1]
You lost 1 mp, and now have 19/24 mp.
The searing ray hits the centaur zombie!
You destroy the centaur zombie!
Vehumet accepts your kill.
You finish channelling your searing ray.
A steam dragon comes into view. ๐Ÿ˜Ž MP[+5]
Your mp is fully restored (24).
Aiming: Magic Dart (safe; 1% risk of failure)
Press: ? - help, Q - select action, (/) - cycle Shift-Dir - straight line, f - steam dragon
Aim: a steam dragon (asleep, 100% to hit)
The magic dart hits the steam dragon.
The steam dragon breathes steam at you.
The ball of steam hits you! ๐Ÿ˜ฎ HP[-14] MP[-1]
You take 14 damage, and now have 31/45 hp.
MASSIVE DAMAGE!! (PAUSE)
You lost 1 mp, and now have 23/24 mp. ๐Ÿ˜ฎ HP[+1] ๐Ÿ˜ฎ MP[+1]
Your mp is fully restored (24).
Aiming: Magic Dart (safe; 1% risk of failure)
Press: ? - help, Q - select action, (/) - cycle Shift-Dir - straight line, f/p - steam dragon
Aim: a steam dragon (lightly wounded, 100% to hit)
The magic dart hits the steam dragon but does no damage. ๐Ÿ˜ฎ MP[-1]
You lost 1 mp, and now have 23/24 mp.
Aiming: Magic Dart (safe; 1% risk of failure)
Press: ? - help, Q - select action, (/) - cycle Shift-Dir - straight line, f/p - steam dragon
Aim: a steam dragon (lightly wounded, 100% to hit)
The magic dart hits the steam dragon but does no damage.
The steam dragon breathes steam at you.
The ball of steam misses you. ๐Ÿ˜ฎ MP[-1]
You lost 1 mp, and now have 22/24 mp. ๐Ÿ˜ฎ HP[+1] MP[+1] Unknown command.
Casting: Magic Dart (safe; 1% risk of failure)
Confirm with . or Enter, or press ? or * to list all spells.
Aiming: Searing Ray (safe; 1% risk of failure)
Press: ? - help, Shift-Dir - straight line, f/p - steam dragon
Aim: a steam dragon (lightly wounded, 83% to hit)
The searing ray misses the steam dragon. (Press . to maintain the ray.)
The steam dragon breathes steam at you. The ball of steam hits you!
* * * LOW HITPOINT WARNING * * *
๐Ÿ˜จ HP[-11] MP[-2]
You take 11 damage, and now have 22/45 hp.
MASSIVE DAMAGE!! (PAUSE)
You lost 2 mp, and now have 21/24 mp.
You are engulfed in a cloud of scalding steam.
* * * LOW HITPOINT WARNING * * *
๐Ÿ˜จ HP[-6] MP[-1]
You take 6 damage, and now have 16/45 hp.
You lost 1 mp, and now have 20/24 mp.
The searing ray hits the steam dragon!
You are engulfed in a cloud of scalding steam.
* * * LOW HITPOINT WARNING * * *
๐Ÿ˜ฑ HP[-15]
You take 15 damage, and now have 1/45 hp.
MASSIVE DAMAGE!! (PAUSE)
You feel better.
You are engulfed in a cloud of scalding steam.
You die...

Skill      XL: |  1  2  3  4  5  6  7  8  9 |
---------------+----------------------------+-----
Conjurations   | 5 6 7 9 |  9.4
Armour         | 1 2 |  2.7
Stealth        | 3 4 |  4.4
Spellcasting   | 4 5 6 8 9 |  9.1
Evocations     | 2 |  2.2
Translocations | 2 4 |  4.8
Dodging        | 3 |  3.2
Poison Magic   | 1 |  1.0
Axes           | |  0.6
Air Magic      | |  0.8

Action                   |  1- 3 |  4- 6 |  7- 9 || total
-------------------------+-------+-------+-------++-------
Melee: War axe           |       |       |     4 ||     4
 Cast: Magic Dart        |    42 |    15 |    69 ||   126
       Searing Ray       |    12 |    11 |    56 ||    79
       Poisonous Vapours |       |       |     6 ||     6
Evoke: Wand              |       |     7 |       ||     7
  Use: Scroll            |     1 |       |     8 ||     9
       Potion            |       |       |     1 ||     1
Armor: Leather armour    |     3 |     1 |       ||     4
       Robe              |       |       |     2 ||     2
Dodge: Dodged            |     3 |     2 |    20 ||    25
Block: Buckler           |       |       |     5 ||     5

Levels and vault maps discovered:
D:1:      heliophobic_arrival_glass_houses, layout_rooms, serial_shops,
          nicolae_square_shop
D:2:      layout_basic, minmay_misc_feat_chi, chequers_jeans
D:3:      layout_basic, shapermc_ecumenical_altar_notcrosses, roderic_lattice_a,
          uniq_ijyb, uniq_sigmund, uniq_jessica
D:4:      layout_basic, mainiacjoe_overflow_chevrons, portal_sewer_entry_a,
          uniq_grinder, uniq_natasha
D:5:      layout_cave_pools, minmay_temple_entry_ruins,
          kennysheep_generic_room_8
D:6:      layout_gridville, serial_rivers, chequers_serial_rivers_room_b,
          chequers_serial_rivers_small_a, chequers_serial_rivers_marsh,
          chequers_serial_rivers_marsh, chequers_serial_rivers_room_b,
          chequers_serial_rivers_room_b, kennysheep_windowed_goal, uniq_pikel
D:7:      layout_basic, uniq_prince_ribbit1

Notes
Turn   | Place    | Note
-------+----------+-------------------------------------------
     0 | D:1      | mortz the Deep Elf Conjurer began the quest for the Orb.
     0 | D:1      | Reached XP level 1. HP: 10/10 MP: 6/6
     0 | D:1      | magus.rc [v1.9.6]
   280 | D:1      | Reached XP level 2. HP: 15/15 MP: 6/8
   283 | D:1      | Learned a level 2 spell: Searing Ray
   468 | D:1      | Found Difick's Weapon Emporium.
   704 | D:2      | Reached skill level 5 in Conjurations
  1014 | D:2      | Reached XP level 3. HP: 19/19 MP: 5/9
  1639 | D:3      | Reached XP level 4. HP: 24/24 MP: 5/11
  1739 | D:3      | Found a faded altar of an unknown god.
  1832 | D:3      | Noticed Jessica
  1900 | D:3      | Killed Jessica
  1901 | D:3      | Reached skill level 6 in Conjurations
  1955 | D:3      | Noticed Ijyb
  1962 | D:3      | Killed Ijyb
  1963 | D:3      | Reached skill level 1 in Armour
  1963 | D:3      | Reached skill level 3 in Stealth
  1963 | D:3      | Reached skill level 4 in Spellcasting
  1963 | D:3      | Reached XP level 5. HP: 24/28 MP: 0/13
  2271 | D:3      | Noticed Sigmund
  2639 | D:3      | Killed Sigmund
  2640 | D:3      | Reached XP level 6. HP: 15/32 MP: 8/15
  2842 | D:4      | Reached skill level 5 in Spellcasting
  2846 | D:4      | Noticed Grinder
  2864 | D:4      | Noticed Grinder
  2864 | D:4      | Grinder changed into Grinder the chaos spawn
  2866 | D:4      | Killed Grinder the chaos spawn
  2867 | D:4      | Reached skill level 2 in Armour
  2867 | D:4      | Reached skill level 7 in Conjurations
  2936 | D:4      | Found a radiant altar of Vehumet.
  2940 | D:4      | Became a worshipper of Vehumet
  3037 | D:4      | Reached XP level 7. HP: 36/36 MP: 11/17
  3074 | D:4      | You pick up a book of Vapours and begin reading...
  3074 | D:4      | You add the spells Poisonous Vapours and Corpse Rot to your
                  | library.
  3217 | D:4      | Found a glowing drain.
  3250 | Sewer    | Entered a sewer
  3407 | Sewer    | Reached skill level 1 in Evocations
  3592 | Sewer    | Found a viscous altar of Jiyva.
  3724 | D:4      | You pick up a book of Minor Magic and begin reading...
  3724 | D:4      | You add the spells Call Imp and Mephitic Cloud to your
                  | library.
  3728 | D:4      | Learned a level 2 spell: Poisonous Vapours
  3733 | D:4      | Learned a level 4 spell: Iskenderun's Mystic Blast
  3749 | D:4      | Reached skill level 6 in Spellcasting
  3946 | D:4      | Noticed Natasha
  3951 | D:4      | Killed Natasha
  3951 | D:4      | Reached * piety under Vehumet
  3951 | D:4      | Offered knowledge of Freeze by Vehumet.
  4031 | D:4      | Reached skill level 1 in Translocations
  4193 | D:4      | Noticed Natasha
  4197 | D:4      | Killed Natasha
  4426 | D:4      | Noticed Natasha
  4429 | D:4      | Killed Natasha
  4559 | D:5      | Entered Level 5 of the Dungeon
  4712 | D:5      | Reached skill level 2 in Translocations
  4712 | D:5      | Reached skill level 2 in Evocations
  4712 | D:5      | Reached XP level 8. HP: 41/41 MP: 11/19
  4878 | D:5      | Reached skill level 4 in Stealth
  4878 | D:5      | Reached skill level 8 in Conjurations
  4915 | D:5      | Reached skill level 3 in Dodging
  4977 | D:5      | Reached skill level 7 in Spellcasting
  5092 | D:5      | Found a staircase to the Ecumenical Temple.
  5583 | D:6      | Reached skill level 3 in Translocations
  5761 | D:6      | Noticed Pikel
  5770 | D:6      | Killed Pikel
  5771 | D:6      | Reached skill level 8 in Spellcasting
  5771 | D:6      | Reached skill level 9 in Conjurations
  5771 | D:6      | Reached skill level 4 in Translocations
  5771 | D:6      | Reached XP level 9. HP: 15/45 MP: 6/23
  6348 | D:6      | Found Kuklir's Assorted Antiques.
  6767 | D:6      | Reached skill level 9 in Spellcasting
  6772 | D:6      | You pick up a book of Party Tricks and begin reading...
  6772 | D:6      | You add the spells Apportation and Alistair's Intoxication
                  | to your library.
  6806 | D:6      | You pick up a book of Cantrips and begin reading...
  6806 | D:6      | You add the spells Animate Skeleton and Summon Small Mammal
                  | to your library.
  6811 | D:6      | Learned a level 3 spell: Mephitic Cloud
  6892 | D:6      | Reached skill level 1 in Poison Magic
  7161 | D:7      | HP: 1/45 [steam dragon] (15)]
  7162 | D:7      | Engulfed by a steam dragon's steam

Vanquished Creatures
  Pikel (D:6)
  Sigmund (D:3)
  A chaos spawn (D:4)
  A water moccasin (D:6)
  A sky beast (D:5)
  3 ogres
  2 centaurs (D:6)
  A lemure (D:6)
  A bullfrog (D:6)
  4 scorpions
  6 jellies
  A centaur zombie (D:7)
  A bullfrog zombie (D:5)
  3 hounds
  An orc priest (D:6)
  Jessica (D:3)
  Natasha (thrice) (D:4)
  Ijyb (D:3)
  2 orc wizards
  A howler monkey zombie (D:6)
  7 adders
  7 gnolls
  3 river rats
  An ufetubus (D:6)
  A dart slug (D:4)
  8 orcs
  3 bats
  9 endoplasms
  8 giant cockroaches
  6 hobgoblins
  7 jackals
  4 kobolds
  A quokka (D:4)
  5 ball pythons
  4 frilled lizards
  5 goblins
  11 rats
126 creatures vanquished.

Vanquished Creatures (others)
  14 plants (D:4)
14 creatures vanquished.

Grand Total: 140 creatures vanquished

Table legend:
 A = Non-vault XP
 B = Vault XP
 C = Vault XP percentage of total XP
 D = Non-vault monster count
 E = Vault monster count
 F = Vault count percentage of total count
                 A         B        C        D         E       F
            +---------+---------+-------+---------+---------+-------
      Total |    1982 |    1551 |  43.9 |      92 |      33 |  26.4
            +---------+---------+-------+---------+---------+-------
        D:1 |      21 |       0 |   0.0 |      13 |       0 |   0.0
        D:2 |      68 |       0 |   0.0 |      20 |       0 |   0.0
        D:3 |      54 |     314 |  85.3 |      10 |       3 |  23.1
        D:4 |     365 |     239 |  39.6 |      18 |       9 |  33.3
        D:5 |     473 |     121 |  20.4 |      10 |       1 |   9.1
        D:6 |     954 |     694 |  42.1 |      20 |       3 |  13.0
        D:7 |      47 |       0 |   0.0 |       1 |       0 |   0.0
      Sewer |       0 |     183 | 100.0 |       0 |      17 | 100.0
            +---------+---------+-------+---------+---------+-------

Illustrated notes

Table legend:
 A = Kills in this place as a percentage of kills in entire the game.
 B = Kills by you in this place as a percentage of kills by you in the entire game.
 C = Kills by friends in this place as a percentage of kills by friends in the entire game.
 D = Other kills in this place as a percentage of other kills in the entire game.
 E = Experience gained in this place as a percentage of experience gained in the entire game.
 F = Experience gained in this place divided by the number of levels of this place that you have seen.
                   A       B       C       D       E      F
               +-------+-------+-------+-------+-------+----------------------
         Total | 100.0 | 100.0 |   N/A |   N/A | 100.0 | 441.6
       Dungeon |  86.4 |  86.4 |   N/A |   N/A |  94.8 | 478.6
         Sewer |  13.6 |  13.6 |   N/A |   N/A |   5.2 | 183.0
               +-------+-------+-------+-------+-------+----------------------

Table legend: (Time is in decaauts)
 A = Elapsed time spent in this place.
 B = Non-inter-level travel time spent in this place.
 C = Inter-level travel time spent in this place.
 D = Time resting spent in this place.
 E = Time spent auto-exploring this place.
 F = Levels seen in this place.
 G = Mean time per level.
                   A        B        C        D        E       F      G
               +--------+--------+--------+--------+--------+-----+--------+
         Total |   7193 |   6979 |    214 |   1078 |   4679 |   8 |  899.1 |
       Dungeon |   6703 |   6489 |    214 |   1021 |   4315 |   7 |  957.6 |
         Sewer |    489 |    489 |      0 |     57 |    363 |   1 |  489.0 |
               +--------+--------+--------+--------+--------+-----+--------+

Top non-repeatable levels by time:
     D:6: 1672 daAuts
     D:3: 1340 daAuts
     D:4: 1261 daAuts
     D:5: 839 daAuts
     D:2: 792 daAuts
     D:1: 699 daAuts
   Sewer: 489 daAuts
     D:7: 98 daAuts
